 Dungeon Crawl Stone Soup version 0.18.1-48-g4cf74bf (webtiles) character file.

39 wemp the Magician (level 3, -1/24 HPs)
             Began as a Mummy Wizard on July 29, 2016.
             Slain by an adder (3 damage)
             ... on level 3 of the Dungeon.
             The game lasted 00:07:31 (1995 turns).

wemp the Magician (Mummy Wizard)                    Turns: 1995, Time: 00:07:31

Health: -1/24      AC:  4    Str: 10    XL:     3   Next: 26%
Magic:  0/8        EV: 12    Int: 18    God:
Gold:   33         SH:  0    Dex: 10    Spells: 3 memorised, 4 levels left

rFire  x . .     SeeInvis .     l - +0 short sword
rCold  + . .     Gourm    .     a - +0 robe
rNeg   + + +     Faith    .     (no shield)
rPois  ∞         Spirit   .     k - +1 hat
rElec  .         Dismiss  .     (no cloak)
rCorr  .         Reflect  .     d - +0 pair of gloves
SustAt .         Harm     .     (no boots)
MR     .....                    (no amulet)
Stlth  ++........               (no ring)
                                (no ring)

@: not resistant to hostile enchantments, unstealthy
A: no food or potions, fire vulnerability, cold resistance 1, negative energy
resistance 3, torment resistance, unbreathing
a: no special abilities


You were on level 3 of the Dungeon.
You were not hungry.

You visited 1 branch of the dungeon, and saw 3 of its levels.

You collected 33 gold pieces.

Inventory:

Hand Weapons
 i - a +0 club
 l - a +0 short sword (weapon)
Armour
 a - a +0 robe (worn)
 d - a +0 pair of gloves (worn)
 h - a +0 helmet
 k - a +1 hat (worn)
Scrolls
 b - a scroll of fear {unknown}
 e - 2 scrolls of random uselessness {unknown}
 f - 2 scrolls of remove curse {unknown}
 g - a scroll of noise {unknown}
 j - 2 scrolls of recharging {unknown}
 m - a scroll of amnesia {unknown}
Books
 c - a book of Minor Magic

   Spells                             Type                      Level
   a - Magic Dart                     Conjuration                  1
   b - Blink                          Translocation                2
   c - Call Imp                       Summoning                    2
   d - Repel Missiles                 Charms/Air                   2
   e - Slow                           Hexes                        2
   f - Conjure Flame                  Conjuration/Fire             3
   g - Mephitic Cloud                 Conjuration/Poison/Air       3


   Skills:
 - Level 1.5 Dodging
 - Level 1.5 Stealth
 + Level 4.0 Spellcasting
 + Level 1.1 Conjurations
 + Level 0.7 Summonings
   Level 0.7 Translocations


You had 4 spell levels left.
You knew the following spells:

 Your Spells              Type           Power        Failure   Level  Hunger
a - Magic Dart            Conj           #...         12%         1    N/A
b - Mephitic Cloud        Conj/Pois/Air  #.......     43%         3    N/A
c - Call Imp              Summ           #.......     17%         2    N/A

Dungeon Overview and Level Annotations

Branches:
Dungeon (3/15)

Altars:

Annotations:
D:2 Sigmund


Innate Abilities, Weirdness & Mutations

You do not eat or drink.
Your flesh is vulnerable to fire.
You are immune to poison.
Your flesh is cold resistant.
You are immune to negative energy.
You are immune to unholy pain and torment.
You can survive without breathing.


Message History

* * * LOW HITPOINT WARNING * * *
Casting: Magic Dart
Confirm with . or Enter, or press ? or * to list all spells.
Aiming: Magic Dart
Press: ? - help, Shift-Dir - straight line, f/p - bat
Aim: a bat (severely wounded)
The magic dart hits the bat.
You kill the bat!
The adder bites you but does no damage. The adder bites you.
* * * LOW HITPOINT WARNING * * *
You barely miss the adder.
The adder is severely wounded.
The adder closely misses you.
You barely miss the adder.
The adder is severely wounded.
The adder bites you but does no damage. The adder closely misses you.
You closely miss the adder.
The adder is severely wounded.
The adder bites you.
You die...

##### ######
...[. #....#
......#....#
......#..S.#
..........@#
......)<..##
...........#
......#........
......##.###.##
##### #.# .#
#.# . #.# # #..


You could see an adder.

Vanquished Creatures
  2 dart slugs (D:1)
  A giant gecko (D:2)
  An orc (D:3)
  A ball python (D:1)
  A giant cockroach (D:1)
  A goblin (D:2)
  4 hobgoblins
  3 kobolds
  3 quokkas (D:2)
  9 bats
  A giant newt (D:1)
  5 rats
32 creatures vanquished.

Notes
Turn   | Place    | Note
--------------------------------------------------------------
     0 | D:1      | wemp the Mummy Wizard began the quest for the Orb.
     0 | D:1      | Reached XP level 1. HP: 13/13 MP: 4/4
   453 | D:1      | Reached XP level 2. HP: 19/19 MP: 0/6
  1537 | D:2      | Reached skill level 1 in Conjurations
  1599 | D:2      | Reached XP level 3. HP: 24/24 MP: 0/8
  1636 | D:2      | Reached skill level 4 in Spellcasting
  1728 | D:2      | Learned a level 3 spell: Mephitic Cloud
  1731 | D:2      | Learned a level 2 spell: Call Imp
  1918 | D:2      | Noticed Sigmund
  1995 | D:3      | Slain by an adder

Skill      XL: |  1  2  3 |
---------------+----------+-----
Conjurations   | 1 |  1.1
Spellcasting   | 4 |  4.0
Dodging        | |  1.5
Stealth        | |  1.5
Summonings     | |  0.7
Translocations | |  0.7

Action                   || total
-------------------------++-------
Melee: Unarmed           ||    16
       Club              ||    31
       Short sword       ||    18
 Cast: Magic Dart        ||    82
       Mephitic Cloud    ||     2
 Stab: Sleeping          ||     1
Armor: Robe              ||    41
Dodge: Dodged            ||    85
